 Dungeon Crawl Stone Soup version 0.25-a0-110-ge29c8f2358 (webtiles) character file.

Game seed: 1436281379996261711, levelgen mode: deterministic

28 erloom the Digger (level 3, 0/19 HPs)
             Began as a Gargoyle Earth Elementalist on Nov 19, 2019.
             Slain by Natasha (4 damage)
             ... on level 2 of the Dungeon.
             The game lasted 00:03:58 (1406 turns).

erloom the Digger (Gargoyle Earth Elementalist)     Turns: 1406, Time: 00:03:58

Health: 0/19       AC:  6    Str: 11    XL:     3   Next: 14%
Magic:  4/6        EV: 11    Int: 16    God:
Gold:   36         SH:  0    Dex: 10    Spells: 6/7 levels left

rFire    . . .     SeeInvis .   m - +0 whip (flame)
rCold    . . .     Gourm    .   (no shield)
rNeg     + . .     Faith    .   l - +0 leather armour
rPois    ∞         Spirit   .   (no helmet)
rElec    +         Reflect  .   (no cloak)
rCorr    .         Harm     .   (no gloves)
MR       .....                  (no boots)
Stlth    ++........             (no amulet)
HPRegen  0.06/turn              (no ring)
MPRegen  0.10/turn              (no ring)

@: no status effects
A: negative energy resistance 1, electricity resistance, unbreathing,
petrification resistance, rot immunity, AC +3
a: no special abilities


You were on level 2 of the Dungeon.
You were hungry.

You visited 1 branch of the dungeon, and saw 2 of its levels.

You collected 36 gold pieces.

Inventory:

Hand Weapons
 f - a +0 hand axe
 j - a +0 mace
 m - a +0 whip of flaming (weapon)
Missiles
 b - 41 stones (quivered)
 g - 17 poisoned darts
Armour
 c - a +0 robe
 l - a +0 leather armour (worn)
Scrolls
 h - 2 scrolls of identify {unknown}
 n - a scroll of remove curse {unknown}
Potions
 a - a potion of mutation {unknown}
 i - a potion of agility {unknown}
 k - 2 potions of lignification {unknown}
Comestibles
 d - 4 rations


   Skills:
 + Level 0.6 Maces & Flails
 - Level 1.5 Dodging
 - Level 2.1 Stealth
 + Level 2.6 Spellcasting
   Level 0.7 Transmutations
 + Level 4.3 Earth Magic


You had 6 spell levels left.
You knew the following spells:

 Your Spells              Type           Power        Failure   Level  Hunger
a - Sandblast             Erth           ###...       4%          1    #......

Your spell library contained the following spells:

 Spells                   Type           Power        Failure   Level  Hunger
 Passwall                 Tmut/Erth      ##......     14%         2    ##.....
 Stone Arrow              Conj/Erth      #.....       32%         3    ###....
 Petrify                  Tmut/Erth      ##......     65%         4    #####..
 Lee's Rapid Deconstruct  Erth           ###.......   77%         5    ######.


Dungeon Overview and Level Annotations

Branches:
Dungeon (2/15)

Altars:

Annotations:
D:2 Natasha


Innate Abilities, Weirdness & Mutations

You are resistant to torment.
Your stone body is resilient. (AC +3)
You are immune to poison.
You resist negative energy. (rN+)
You are resistant to electric shocks. (rElec)
You can survive without breathing.
You are immune to petrification.
You are immune to rotting.


Message History

A kobold comes into view.
Things that are here:
2 chunks of flesh; an adder skeleton Eat one of 2 chunks of flesh? (ye/n/q)
You eat one of the 2 chunks of flesh.
This raw flesh tastes terrible.
You are feeling hungry.
The kobold shouts!
Natasha, Servant of Life and Death comes into view.
As you read the scroll labeled HOACUFABL WILY, it crumbles to dust.
It is a scroll of amnesia.
Really abort (and waste the scroll)? [Y]es or [N]o only, please.
Really abort (and waste the scroll)? [Y]es or [N]o only, please.
Really abort (and waste the scroll)? [Y]es or [N]o only, please.
Really abort (and waste the scroll)?
Okay, then.
Natasha claws you.
You die...

# .# ######.##
....###........
.............#
###.####.#
#.@......#
#h#.###..#
#.#<#%## #
#.....K#
#....#.#..#
#.###.#.#..# #
#......
#.......
.....###.#


You could see Natasha and a kobold.

Vanquished Creatures
  An adder (D:2)
  A dart slug (D:1)
  3 giant cockroaches
  3 goblins (D:1)
  A kobold (D:1)
  A bat (D:1)
  2 frilled lizards (D:1)
  7 rats (D:1)
19 creatures vanquished.

Notes
Turn   | Place    | Note
-------+----------+-------------------------------------------
     0 | D:1      | erloom the Gargoyle Earth Elementalist began the quest for
                  | the Orb.
     0 | D:1      | Reached XP level 1. HP: 10/10 MP: 3/3
   346 | D:1      | Reached skill level 4 in Earth Magic
   346 | D:1      | Reached XP level 2. HP: 5/15 MP: 3/5
  1398 | D:2      | Reached XP level 3. HP: 3/19 MP: 4/6
  1403 | D:2      | Noticed Natasha
  1406 | D:2      | Slain by Natasha

Levels and vault maps discovered:
D:1:      onia_arrival_larder, layout_basic
D:2:      layout_loops_ring, minmay_tetromino_t4, uniq_robin, uniq_natasha,
          uniq_jessica, uniq_crazy_yiuf_cottage

Skill      XL: |  1 |
---------------+----+-----
Earth Magic    | 4 |  4.3
Maces & Flails | |  0.6
Dodging        | |  1.5
Stealth        | |  2.1
Spellcasting   | |  2.6
Transmutations | |  0.7

Action                   || total
-------------------------++-------
Melee: Unarmed           ||    26
       Hand axe          ||     7
       Whip              ||    17
       Mace              ||     4
 Cast: Sandblast         ||    15
  Use: Scroll            ||     1
 Stab: Sleeping          ||     4
  Eat: Chunk             ||     1
Armor: Robe              ||     8
       Leather armour    ||    13
Dodge: Dodged            ||    48

Table legend:
 A = Non-vault XP
 B = Vault XP
 C = Vault XP percentage of total XP
 D = Non-vault monster count
 E = Vault monster count
 F = Vault count percentage of total count
                 A         B        C        D         E       F
            +---------+---------+-------+---------+---------+-------
      Total |      34 |       7 |  17.1 |      13 |       6 |  31.6
            +---------+---------+-------+---------+---------+-------
        D:1 |      18 |       7 |  28.0 |      11 |       6 |  35.3
        D:2 |      16 |       0 |   0.0 |       2 |       0 |   0.0
            +---------+---------+-------+---------+---------+-------
